AoeStats
← RedPhosphoru

Arabian Desert

509742879Analyzed
1v1 RM · 4d ago on Sep 27, 2026· 19m 32s· 2 players
Game mode
Random Map
Map size
Tiny (2 player)
Population
200
Speed
Normal
Resources
Standard
Victory
Conquest
Starting age
Dark Age
Ending age
Imperial Age
RankedLock teamsTeams togetherTeam positionsShared explorationLock speedFull tech treeHidden civsTurbo modeCheats
Victory
Defeat
🇬🇧 Mongols · United Kingdom
2512
+9
🇺🇸 Muisca · United States
2340
-9
RedPhosphoru
7:55 Loom
10:18 Feudal Age
14:40 Castle Age
14:34 Fletching
_Hallis
5:26 Loom
8:07 Feudal Age
9:29 Double-Bit Axe
17:39 Castle Age
19:08 Husbandry
Connection lost

Rejoining the realm…

Still unreachable

The connection could not be restored.

Session expired

The server has moved on; the page needs a fresh start.